 Dungeon Crawl Stone Soup version 0.20-a0-348-gd709e23 (webtiles) character file.

30438 Banto the Basher (level 13, -12/103 HPs)
             Began as a Human Skald on Dec 23, 2016.
             Was the Champion of Okawaru.
             Mangled by Rupert
             ... wielding a +6 great mace of protection
              (32 damage)
             ... on level 6 of the Lair of Beasts.
             The game lasted 00:24:26 (14480 turns).

Banto the Basher (Human Skald)                     Turns: 14480, Time: 00:24:27

Health: -12/103    AC: 18    Str: 12    XL:     13   Next: 88%
Magic:  9/16       EV: 25    Int: 10    God:    Okawaru [******]
Gold:   308        SH:  0    Dex: 19    Spells: 8/16 levels left

rFire  + . .     SeeInvis .     E - +5 eveningstar (protect)
rCold  + + +     Gourm    .     n - +4 skin of Zhor {rC+++}
rNeg   . . .     Faith    .     (no shield)
rPois  +         Spirit   .     C - +1 hat "Opnout" {rPois rF+}
rElec  .         Reflect  .     h - +1 cloak {+Inv}
rCorr  .         Harm     .     k - +1 pair of gloves
MR     .....                    K - +1 pair of boots {Fly}
Stlth  ++........               v - amulet of regeneration
                                b - +4 ring of evasion
                                a - +3 ring of protection

@: about to teleport, flying
A: blink, dopey 1, sense surroundings 1, poison resistance, regeneration 1
a: Blink, Heroism, Finesse, Renounce Religion, Evoke Invisibility, Stop Flying


You were on level 6 of the Lair of Beasts.
You worshipped Okawaru.
Okawaru was exalted by your worship.
You were not hungry.

You visited 3 branches of the dungeon, and saw 17 of its levels.

You collected 828 gold pieces.
You spent 520 gold pieces at shops.

Inventory:

Hand Weapons
 E - a +5 eveningstar of protection (weapon)
 H - a +0 blowgun
Missiles
 B - 3 throwing nets (quivered)
 J - 15 curare-tipped needles
Armour
 h - a +1 cloak of invisibility (worn)
 k - a +1 pair of gloves (worn)
 n - the +4 skin of Zhor (worn) {rC+++}
   (You took it off a centaur on level 7 of the Dungeon)

   It renders you almost immune to cold.
 C - the +1 hat "Opnout" (worn) {rPois rF+}
   (Okawaru gifted it to you on level 1 of the Lair of Beasts)

   It protects you from fire.
   It protects you from poison.
 K - a +1 pair of boots of flying (worn)
Rods
 M - a +0 rod of inaccuracy (9/9)
   (You found it on level 3 of the Lair of Beasts)
Jewellery
 a - a +3 ring of protection (left hand)
 b - a +4 ring of evasion (right hand)
 l - an uncursed ring of see invisible
 v - an amulet of regeneration (around neck)
Wands
 y - a wand of flame (24/48)
 z - a wand of digging (22/24)
 A - a wand of enslavement (10/24)
 P - a wand of iceblast (2/15)
Scrolls
 e - 6 scrolls of remove curse
 j - 4 scrolls of amnesia
 m - a scroll of magic mapping
 p - 3 scrolls of immolation
 s - 3 scrolls of teleportation
 t - 2 scrolls of enchant armour
 x - 6 scrolls of identify
 I - a scroll of enchant weapon
 N - a scroll of recharging
Potions
 f - 5 potions of curing
 i - 7 potions of brilliance
 o - a potion of magic
 u - 4 potions of agility
 D - a potion of haste
 G - a potion of heal wounds
Books
 w - a book of Enchantments

   Spells                             Type                      Level
   a - Cause Fear                     Hexes                        4
   b - Yara's Violent Unravelling     Hexes/Transmutation          5
   c - Silence                        Hexes/Air                    5
   d - Deflect Missiles               Charms/Air                   6
   e - Discord                        Hexes                        8
Comestibles
 c - 6 chunks of flesh
 d - 11 bread rations
 g - 4 beef jerkies
 q - 4 meat rations
 r - 3 fruits
 L - a slice of pizza


   Skills:
 - Level 10.2 Fighting
 + Level 11.3 Maces & Flails
 - Level 10.0 Armour
 + Level 10.2 Dodging
 - Level 2.0 Spellcasting
 - Level 7.0 Hexes
 - Level 7.5 Charms


You had 8 spell levels left.
You knew the following spells:

 Your Spells              Type           Power        Failure   Level  Hunger
a - Infusion              Chrm           ###.         1%          1    ##.....
b - Song of Slaying       Chrm           ###.....     1%          2    ###....
c - Spectral Weapon       Hex/Chrm       ###.....     6%          3    ####...
d - Shroud of Golubria    Chrm/Tloc      #.........   12%         2    ###....


Dungeon Overview and Level Annotations

Branches:
Dungeon (10/15)            Temple (1/1) D:4            Lair (6/6) D:8
 Shoals (0/4) Lair:4       Spider (0/4) Lair:2
  Slime: Lair:5-6       Orc: D:9-12

Altars:
Fedhas
Gozag
Makhleb
Okawaru
Qazlal
Ru
Sif Muna
Vehumet
Xom
Yredelemnul
The Shining One

Shops:
D:4 ?   D:7 (   D:8 :

Annotations:
Lair:3 exclusion: 2 oklob plants
Lair:6 Rupert


Innate Abilities, Weirdness & Mutations

You can translocate small distances at will.
You are dopey. (Int -2)
You passively map a small area around you.
Your system is resistant to poisons. (rPois)
Your natural rate of healing is unusually fast.


Message History

A water moccasin comes into view.
The water moccasin hisses angrily.
You hear an angry growl.
A polar bear comes into view.
Rupert hits you with a great mace of protection!!
You take 16 damage, and have 31/103 hp.
The hornet closely misses you.
Rupert hits your spectral weapon with a great mace of protection!!
Your spectral weapon shares its damage with you!
Your spectral weapon fades away.
* * * LOW HITPOINT WARNING * * *
You take 6 damage, and have 26/103 hp.
As you read the scroll of teleportation, it crumbles to dust.
You feel strangely unstable. The hornet stings you!
* * * LOW HITPOINT WARNING * * *
You feel yourself slow down.
The hornet stings you but does no damage.
You take 7 damage, and have 19/103 hp.
You feel yourself speed up.
Rupert hits you with a great mace of protection!!
You die...

....##.#.###........##≈≈
≈ ............#
#.....P≈≈ ≈≈
...#........###....≈≈≈≈≈
.....#......##......# ≈≈
.......<....÷##.....#.≈≈
≈
.....##.##..P......≈≈≈≈≈
≈ ≈
...#**##......PP....≈≈≈≈
,.. ,
.........PP.h..##≈≈ ≈ ≈
, ..........@PS...#.≈ ≈
, , ...........@....≈≈≈≈
≈ . ,
#.P..#..#..y...≈≈≈≈≈ ..
, .....###........##P≈
... ###.##..#.......# ≈*
..##..............≈≈≈≈ ≈
* ,..#.............≈P≈≈
≈ ,,
*#.....##.......≈##≈ ≈≈
., #$...###.......#


You could see Rupert (berserk), a polar bear, a hornet and a water moccasin.

Vanquished Creatures
  Snorg (Lair:5)
  5 hydras
  Sonja (Lair:2)
  A sea snake (Lair:6)
  Pikel (D:8)
  Maurice (D:8)
  A black mamba (Lair:5)
  3 komodo dragons
  12 spiny frogs
  3 rime drakes
  A troll (D:10)
  A polar bear (Lair:3)
  Grinder (D:6)
  Prince Ribbit (D:5)
  A blink frog (Lair:4)
  A snapping turtle (Lair:4)
  7 hippogriffs
  Sigmund (D:5)
  The ghost of WhatIsLove the Magician, an amateur TeAE of Sif Muna (D:4)
  43 yaks
  A tarantella (Lair:3)
  2 wyverns (Lair:6)
  Eustachio (D:6)
  A hungry ghost (D:8)
  Grum (D:8)
  3 basilisks
  Edmund (D:5)
  Duvessa (D:4)
  The ghost of WhatIsLove the Gusty, an amateur TeAE (D:3)
  11 water moccasins
  11 porcupines
  3 black bears
  3 orc warriors
  2 sky beasts
  2 ice beasts (D:6)
  A necrophage (D:6)
  3 ogres
  3 wolves (D:7)
  6 centaurs
  11 crocodiles
  Blork the orc (D:6)
  A big kobold (D:8)
  2 gnoll sergeants
  11 bullfrogs
  Dowan (D:4)
  A wyvern zombie (D:10)
  6 scorpions
  5 killer bees (D:9)
  3 howler monkeys (D:7)
  An electric eel (Lair:4)
  2 crimson imps
  A jelly (D:8)
  Crazy Yiuf (D:2)
  A centaur zombie (D:7)
  11 orc wizards
  A gnoll shaman (D:5)
  9 orc priests
  3 hounds
  A centaur skeleton (D:6)
  An iguana (D:6)
  Ijyb (D:2)
  2 hell rats (Lair:3)
  2 worker ants
  A hound skeleton (D:5)
  A worker ant zombie (D:8)
  17 gnolls
  14 adders
  7 river rats (Lair:3)
  3 shadow imps
  2 oozes
  2 adder zombies (D:6)
  An adder skeleton (D:5)
  4 worms
  A dart slug (D:1)
  4 leopard geckos
  40 orcs
  7 giant cockroaches
  5 goblins
  8 hobgoblins
  A quokka (D:5)
  6 bats
  2 frilled lizards
  A jackal skeleton (D:7)
  7 kobolds
  A leopard gecko skeleton (D:8)
  A quokka skeleton (D:5)
  13 rats
  A fungus (D:8)
373 creatures vanquished.

Vanquished Creatures (collateral kills)
  A yak (Lair:1)
  An orc (D:5)
2 creatures vanquished.

Vanquished Creatures (others)
  A water moccasin (Lair:1)
  5 fungi
  A plant (D:8)
  26 spectral weapons
33 creatures vanquished.

Grand Total: 408 creatures vanquished

Notes
Turn   | Place    | Note
-------+----------+-------------------------------------------
     0 | D:1      | Banto the Human Skald began the quest for the Orb.
     0 | D:1      | Reached XP level 1. HP: 16/16 MP: 3/3
    27 | D:1      | Reached XP level 2. HP: 22/22 MP: 1/5
   107 | D:1      | Reached skill level 3 in Maces & Flails
   390 | D:1      | Reached XP level 3. HP: 25/27 MP: 2/6
   941 | D:2      | Reached skill level 4 in Maces & Flails
   941 | D:2      | Reached XP level 4. HP: 13/33 MP: 3/7
   951 | D:2      | Learned a level 2 spell: Song of Slaying
   955 | D:2      | Learned a level 3 spell: Spectral Weapon
  1131 | D:2      | Found a runed door.
  1266 | D:2      | Noticed Ijyb
  1271 | D:2      | Killed Ijyb
  1271 | D:2      | Reached skill level 1 in Hexes
  1274 | D:2      | Reached XP level 5. HP: 37/38 MP: 1/8
  1490 | D:2      | Noticed Crazy Yiuf
  1502 | D:2      | Killed Crazy Yiuf
  1916 | D:3      | Reached XP level 6. HP: 5/44 MP: 1/9
  2180 | D:3      | Found a faded altar of an unknown god.
  2190 | D:3      | Learned a level 2 spell: Shroud of Golubria
  2201 | D:3      | Noticed WhatIsLove's ghost (amateur TeAE)
  2330 | D:3      | Killed WhatIsLove's ghost
  2330 | D:3      | Reached skill level 5 in Maces & Flails
  2480 | D:3      | Found a sacrificial altar of Ru.
  2499 | D:3      | Reached XP level 7. HP: 15/50 MP: 3/10
  3601 | D:4      | Found a staircase to the Ecumenical Temple.
  3649 | Temple   | Entered the Ecumenical Temple
  3747 | Temple   | Became a worshipper of Warmaster Okawaru
  3786 | D:4      | Noticed Duvessa
  3787 | D:4      | Noticed Dowan
  3799 | D:4      | Killed Duvessa
  3800 | D:4      | Killed Dowan
  3800 | D:4      | Reached skill level 5 in Charms
  3984 | D:4      | Found Ogagen's Magic Scroll Shoppe.
  4028 | D:4      | Noticed WhatIsLove's ghost (amateur TeAE)
  4036 | D:4      | Killed WhatIsLove's ghost
  4036 | D:4      | Reached * piety under Okawaru
  4036 | D:4      | Reached skill level 6 in Maces & Flails
  4036 | D:4      | Reached XP level 8. HP: 52/56 MP: 7/11
  4278 | D:5      | Entered Level 5 of the Dungeon
  4323 | D:5      | Noticed Edmund
  4349 | D:5      | Killed Edmund
  4446 | D:5      | Reached skill level 5 in Hexes
  4576 | D:5      | Noticed Sigmund
  4591 | D:5      | Killed Sigmund
  4852 | D:5      | Reached ** piety under Okawaru
  4879 | D:5      | Reached skill level 7 in Maces & Flails
  4879 | D:5      | Reached XP level 9. HP: 45/61 MP: 12/12
  4881 | D:5      | Noticed Prince Ribbit
  4888 | D:5      | Killed Prince Ribbit
  5143 | D:5      | Gained mutation: Your natural rate of healing is unusually fast. [potion of mutation]
  5143 | D:5      | Gained mutation: Your system is resistant to poisons. (rPois) [potion of mutation]
  5143 | D:5      | Gained mutation: You tend to lose your temper in combat. [potion of mutation]
  5144 | D:5      | Gained mutation: You can translocate small distances at will. [potion of mutation]
  5287 | D:6      | Noticed Grinder
  5293 | D:6      | Noticed Eustachio
  5299 | D:6      | Killed Grinder
  5302 | D:6      | Killed Eustachio
  5440 | D:6      | Found a basalt altar of Yredelemnul.
  5440 | D:6      | Found a shimmering altar of Xom.
  5687 | D:6      | Noticed Blork the orc
  5709 | D:6      | Killed Blork the orc
  5709 | D:6      | Reached *** piety under Okawaru
  5709 | D:6      | Reached skill level 8 in Maces & Flails
  5855 | D:6      | You fall through a shaft for 3 floors!
  6021 | D:8      | Noticed Grum
  6030 | D:7      | Reached XP level 10. HP: 47/67 MP: 8/13
  6036 | D:7      | Reached skill level 9 in Maces & Flails
  6406 | D:7      | Reached skill level 10 in Maces & Flails
  6566 | D:7      | Reached **** piety under Okawaru
  7043 | D:7      | Found Nuvoon's Weapon Shop.
  7259 | D:8      | Reached skill level 11 in Maces & Flails
  7288 | D:8      | Killed Grum
  7493 | D:8      | Gained mutation: You passively map a small area around you. [mutagenic meat]
  7497 | D:8      | Gained mutation: You are dopey. (Int -2) [mutagenic meat]
  7498 | D:8      | Gained mutation: You have large cloven feet. [mutagenic meat]
  7501 | D:8      | Noticed Pikel
  7515 | D:8      | Killed Pikel
  7515 | D:8      | Reached ***** piety under Okawaru
  7515 | D:8      | Reached XP level 11. HP: 39/75 MP: 10/14
  7527 | D:8      | Found a staircase to the Lair.
  7609 | D:8      | Found a glowing golden altar of the Shining One.
  7659 | D:8      | Noticed Maurice
  7675 | D:8      | Killed Maurice
  7973 | D:8      | Found Saqaps's Book Boutique.
  8425 | D:9      | Reached skill level 5 in Fighting
  8658 | D:10     | Entered Level 10 of the Dungeon
  8722 | D:10     | Noticed a two-headed ogre
  8771 | Lair:1   | Entered Level 1 of the Lair of Beasts
  8788 | Lair:1   | Reached skill level 5 in Dodging
  8872 | Lair:1   | Reached skill level 5 in Armour
  8900 | Lair:1   | Received a gift from Okawaru
  8912 | Lair:1   | Got an ichor-stained hat {god gift}
  8932 | Lair:1   | Identified the +1 hat "Opnout" {rPois rF+} (Okawaru gifted it to you on level 1 of the Lair of Beasts)
  9314 | Lair:1   | Reached ****** piety under Okawaru
  9676 | Lair:2   | Found a hole to the Spider Nest.
  9810 | Lair:2   | Noticed Sonja
  9823 | Lair:2   | Killed Sonja
  9823 | Lair:2   | Reached XP level 12. HP: 89/89 MP: 11/15
 10791 | Lair:3   | Identified a +0 rod of inaccuracy (9/9) (You found it on level 3 of the Lair of Beasts)
 11539 | Lair:2   | Received a gift from Okawaru
 11542 | Lair:2   | Got crude acid dragon scales {god gift}
 11687 | D:4      | Bought a scroll of acquirement for 520 gold pieces
 11697 | D:4      | Identified the +3 acid dragon scales "Iwioseumm" {rElec rPois rCorr Int+4 Slay-3} (Okawaru gifted it to you on level 2 of the Lair of Beasts)
 12079 | Lair:4   | Noticed a six-headed hydra
 12096 | Lair:4   | Killed a six-headed hydra
 12120 | Lair:4   | Reached XP level 13. HP: 41/100 MP: 9/16
 12528 | Lair:4   | Found a staircase to the Shoals.
 12646 | Lair:4   | Noticed a four-headed hydra
 12655 | Lair:4   | Killed a four-headed hydra
 12864 | Lair:5   | Noticed a five-headed hydra
 12877 | Lair:5   | Killed a five-headed hydra
 12902 | Lair:5   | Noticed a seven-headed hydra
 12911 | Lair:5   | Killed a seven-headed hydra
 13371 | Lair:5   | Lost mutation: You have large cloven feet. [potion of mutation]
 13371 | Lair:5   | Lost mutation: You tend to lose your temper in combat. [potion of mutation]
 13389 | Lair:5   | Noticed Snorg
 13476 | Lair:5   | Killed Snorg
 13476 | Lair:5   | Reached skill level 10 in Fighting
 13652 | Lair:5   | Noticed a five-headed hydra
 13665 | Lair:5   | Killed a five-headed hydra
 13665 | Lair:5   | Received a gift from Okawaru
 13986 | Lair:5   | Found a basalt altar of Yredelemnul.
 13994 | Lair:5   | Reached skill level 10 in Armour
 14179 | Lair:6   | Entered Level 6 of the Lair of Beasts
 14186 | Lair:6   | Reached skill level 10 in Dodging
 14246 | Lair:6   | Noticed Rupert
 14480 | Lair:6   | Mangled by Rupert

Vault maps used:
D:1:      lightli_arrival_chessboard
D:2:      kennysheep_generic_room_11, uniq_crazy_yiuf_cottage, uniq_iyjb
D:3:      minmay_wonky_spiral, lemuel_crystal_altar,
          chequers_ecumenical_altar_simple_redux
D:4:      serial_shops, nicolae_shop_trees, uniq_duvessa
D:5:      first_bread, moated_statue, minivault_11, uniq_edmund, uniq_sigmund,
          uniq_prince_ribbit1
D:6:      gammafunk_temple_overflow_elements, supply_closet_lemuel,
          uniq_eustachio, uniq_blork_the_orc, uniq_grinder
D:7:      serial_shops, nicolae_shop_trees, serial_curves, eino_curves_03,
          eino_curves_03
D:8:      grunt_lair_entry_orc_guard_hut, serial_shops, nicolae_shop_crystal,
          basic_altar, uniq_pikel, uniq_grum, uniq_maurice
Temple:   dpeg_five_rooms_temple
Lair:2:   spider_nest_entry_a, uniq_sonja
Lair:3:   kennysheep_rathole, grunt_megastairs_4, minmay_lair_oklob_chamber
Lair:4:   minmay_shoals_entry_hut, cheibrodos_lair_reptile_den
Lair:5:   lemuel_centaur_altar, uniq_snorg
Lair:6:   gammafunk_lair_ancient_temple, slime_altar_1, uniq_rupert

Skill      XL: |  1  2  3  4  5  6  7  8  9 10 11 12 13 |
---------------+----------------------------------------+-----
Maces & Flails | 3 4 5 6 7 8 11 | 11.3
Hexes          | 1 2 3 4 5 7 |  7.0
Charms         | 4 5 6 7 |  7.5
Armour         | 2 6 8 10 | 10.0
Dodging        | 3 6 8 10 | 10.2
Fighting       | 3 6 8 10 | 10.2
Spellcasting   | |  2.0

Action                   |  1- 3 |  4- 6 |  7- 9 | 10-12 | 13-15 || total
-------------------------+-------+-------+-------+-------+-------++-------
Melee: Mace              |    89 |    89 |       |       |       ||   178
       Quarterstaff      |       |    19 |   250 |   565 |       ||   834
       Kick              |       |       |       |   122 |       ||   122
       Flail             |       |       |       |    81 |   208 ||   289
       Eveningstar       |       |       |       |       |    47 ||    47
 Cast: Infusion          |    11 |     6 |       |       |     4 ||    21
       Spectral Weapon   |       |     7 |    16 |    53 |    30 ||   106
       Song of Slaying   |       |     1 |     3 |     3 |     2 ||     9
       Shroud of Golubri |       |       |       |       |     4 ||     4
Evoke: Wand              |       |       |       |     2 |     3 ||     5
       Rod               |       |       |       |     2 |       ||     2
  Use: Scroll            |       |     8 |     9 |     8 |     3 ||    28
       Potion            |       |       |     2 |     1 |     1 ||     4
 Stab: Sleeping          |       |     1 |     3 |       |     1 ||     5
       Paralysed         |       |     1 |     3 |    10 |       ||    14
       Distracted        |       |       |     1 |     1 |     2 ||     4
       Petrified         |       |       |     9 |       |       ||     9
       Petrifying        |       |       |     7 |     2 |       ||     9
       Confused          |       |       |       |     9 |       ||     9
  Eat: Chunk             |       |     7 |    14 |    33 |    14 ||    68
       Pizza             |       |       |       |     1 |       ||     1
Armor: Leather armour    |    37 |    33 |    70 |    29 |       ||   169
       Animal skin       |       |       |       |   155 |    73 ||   228
       Skin              |       |       |       |     2 |       ||     2
Dodge: Dodged            |    66 |    66 |   107 |   525 |   349 ||  1113

Table legend:
 A = Turns spent in this place as a percentage of turns spent in the entire game.
 B = Non-inter-level travel turns spent in this place as a percentage of non-inter-level travel turns spent in the entire game.
 C = Inter-level travel turns spent in this place as a percentage of turns spent in this place.
 D = Turns resting spent in this place as a percentage of non-inter-level travel turns spent in this place.
 E = Turns spent auto-exploring this place as a percentage of non-inter-level travel turns spent in this place.
 F = Non-inter-level travel turns spent in this place divided by the number of levels of this place that you've seen.
                   A       B       C       D       E      F
               +-------+-------+-------+-------+-------+----------------------
         Total | 100.0 | 100.0 |   0.8 |   5.1 |  11.0 | 249.5
       Dungeon |  61.2 |  61.3 |   0.7 |   5.3 |  11.2 | 259.9
        Temple |   0.4 |   0.4 |  11.8 |   0.0 |  33.3 |  15.0
          Lair |  38.4 |  38.4 |   1.0 |   4.9 |  10.4 | 271.3
               +-------+-------+-------+-------+-------+----------------------

Table legend:
 A = Kills in this place as a percentage of kills in entire the game.
 B = Kills by you in this place as a percentage of kills by you in the entire game.
 C = Kills by friends in this place as a percentage of kills by friends in the entire game.
 D = Other kills in this place as a percentage of other kills in the entire game.
 E = Experience gained in this place as a percentage of experience gained in the entire game.
 F = Experience gained in this place divided by the number of levels of this place that you have seen.
                   A       B       C       D       E      F
               +-------+-------+-------+-------+-------+----------------------
         Total | 100.0 | 100.0 | 100.0 | 100.0 | 100.0 | 2557.8
       Dungeon |  62.4 |  62.5 |  50.0 |  50.0 |  25.0 | 1086.3
          Lair |  37.6 |  37.5 |  50.0 |  50.0 |  75.0 | 5436.7
               +-------+-------+-------+-------+-------+----------------------
